 Dungeon Crawl Stone Soup version 0.22-a0-443-g17c3723 (webtiles) character file.

9933 Gorglomux the Protected (level 11, -6/72 HPs)
             Began as a Gargoyle Fighter on June 1, 2018.
             Was a High Priest of Okawaru.
             Mangled by an eight-headed hydra (7 damage)
             ... on level 11 of the Dungeon.
             The game lasted 00:07:32 (8130 turns).

Gorglomux the Protected (Gargoyle Fighter)          Turns: 8130, Time: 00:07:33

Health: -6/72      AC: 30    Str: 25    XL:     11   Next: 54%
Magic:  11/13      EV: 11    Int:  9    God:    Okawaru [*****.]
Gold:   328        SH: 20    Dex:  9    Spells: 10/10 levels left

rFire    . . .     SeeInvis .   G - +3 scimitar (flame)
rCold    . . .     Gourm    .   r - +0 large shield
rNeg     + . .     Faith    .   i - +0 plate armour
rPois    ∞         Spirit   .   (no helmet)
rElec    +         Reflect  .   S - +0 cloak
rCorr    .         Harm     .   (no gloves)
MR       .....                  V - +2 pair of boots
Stlth    ..........             U - amulet of the acrobat
HPRegen  0.22/turn              y - +3 ring of evasion
MPRegen  0.13/turn              j - +2 ring of strength

@: heroism
A: negative energy resistance 1, electricity resistance, unbreathing,
petrification resistance, rot immunity, AC +8
a: Heroism, Finesse, Renounce Religion


You were on level 11 of the Dungeon.
You worshipped Okawaru.
Okawaru was extremely pleased with you.
You were not hungry.

You visited 2 branches of the dungeon, and saw 12 of its levels.

You collected 448 gold pieces.
You spent 120 gold pieces at shops.

Inventory:

Hand Weapons
 a - a +0 war axe
 n - a +1 morningstar of crushing
 G - a +3 scimitar of flaming (weapon)
Armour
 i - a +0 plate armour (worn)
 r - a +0 large shield (worn)
 u - a +0 shield
 S - a +0 cloak (worn)
 V - a +2 pair of boots (worn)
Jewellery
 c - an uncursed ring of protection from cold
 j - a +2 ring of strength (right hand)
 y - a +3 ring of evasion (left hand)
 U - an amulet of the acrobat (around neck)
Scrolls
 s - a scroll of enchant armour
 w - 2 scrolls of amnesia
 B - a scroll of blinking
 C - 6 scrolls of remove curse
 L - a scroll of immolation {unknown}
 M - a scroll of magic mapping
 P - 3 scrolls of brand weapon {unknown}
 R - 7 scrolls of identify
 T - 8 scrolls of teleportation
 Z - 2 scrolls of fear {unknown}
Potions
 l - 5 potions of might
 D - 2 potions of agility
 I - a potion of degeneration {unknown}
 N - a potion of resistance {unknown}
 Q - 3 potions of curing
 W - 2 potions of heal wounds {unknown}
 X - a potion of lignification {unknown}
 Y - a potion of mutation {unknown}
Comestibles
 f - 13 rations
 J - 4 chunks of flesh


   Skills:
 + Level 9.8(14.8) Fighting
 + Level 9.2(14.2) Axes
 + Level 9.8(14.8) Armour
 + Level 9.8(14.8) Shields
 - Level 3.0 Invocations


You had 10 spell levels left.
You didn't know any spells.
Your spell library contained the following spells:

 Spells                   Type           Power        Failure   Level  Hunger
 Magic Dart               Conj           #...         100%        1    ##.....
 Apportation              Tloc           #.....       100%        1    ##.....
 Conjure Flame            Conj/Fire      #.......     100%        3    ####...
 Slow                     Hex            #.......     100%        2    ###....
 Mephitic Cloud           Conj/Pois/Air  #.......     100%        3    ####...
 Summon Small Mammal      Summ           #...         100%        1    ##.....
 Blink                    Tloc           N/A          100%        2    ###....
 Animate Skeleton         Necr           N/A          100%        1    ##.....
 Call Imp                 Summ           #.......     100%        2    ###....
 Confusing Touch          Hex            #.....       100%        1    ##.....


Dungeon Overview and Level Annotations

Branches:
Dungeon (11/15)            Temple (1/1) D:6            Lair (0/6) D:8
    Orc: D:9-12

Altars:
Ashenzari
Cheibriados
Dithmenos
Elyvilon
Fedhas
Gozag
Hepliaklqana
Kikubaaqudgha
Makhleb
Nemelex Xobeh
Okawaru
Qazlal
Ru
Sif Muna
Trog
Uskayaw
Vehumet
Wu Jian
Xom
Yredelemnul
Zin
The Shining One

Shops:
D:6 [=!

Annotations:
D:2 1 runed door


Innate Abilities, Weirdness & Mutations

You are resistant to torment.
Your stone body is resilient. (AC +8)
You are immune to poison.
You resist negative energy. (rN+)
You are resistant to electric shocks. (rElec)
You can survive without breathing.
You are immune to petrification.
You are immune to rotting.


Message History

Unknown command!
Butt barely miss the eight-headed hydra!
The eight-headed hydra is lightly wounded!
The eight-headed hydra misses you!
You riposte!
You chop the eight-headed hydra into pieces!
You burn the eight-butt butt!
The eight-headed hydra is lightly wounded!
The eight-headed butt bites you but does no damage!
You block the eight-headed hydra's attack! x2
The eight-headed hydra bites you but does no damage!
You block the eight-headed hydra's attack! x2
The eight-headed hydra bites you! * * * don't die
* * * The eight-headed butt bites you! * * * don't die
* * * The eight-headed hydra bites you! * * * don't die
* * * The butt-headed hydra bites you but does no damage!
The eight-headed hydra bites butt!!! rip

#..# #.# #######..# #.#
#...........# #.# #.. ........#
#.# ##### #.# #....#####.####
####...# #.# #.............#
##......# #.# #..###'#......#
........# #.# ####..#...#).....#
........###.###.@[..#...#")....#
............##.D#[..#.<.#[)#####
........................#..#
........#####..............#
........#.....#.........#..#
........#.....#.........#..#
........#.....##....†...#..#
...............#.......##..#
...........8...#...........#


You could see an eight-headed hydra.

Vanquished Creatures
  Erolcha (D:10)
  3 two-headed ogres
  An orc knight (D:10)
  A cyclops (D:10)
  An efreet (D:11)
  A queen bee (D:10)
  2 trolls (D:11)
  A hippogriff (D:9)
  A meliai zombie (D:11)
  2 wyverns
  A basilisk (D:10)
  2 hell hounds (D:8)
  An acid dragon (D:10)
  3 ice beasts
  3 sky beasts
  2 necrophages
  2 orc warriors
  3 ogres
  2 phantoms
  3 centaurs
  2 big kobolds
  7 bullfrogs
  5 scorpions
  A water moccasin skeleton (D:8)
  15 killer bees (D:10)
  3 wights (D:8)
  4 howler monkeys
  A crimson imp (D:9)
  2 bullfrog zombies
  4 hounds
  4 orc priests
  8 orc wizards
  A bullfrog skeleton (D:3)
  6 jellies
  A centaur skeleton (D:11)
  An iguana (D:6)
  Terence (D:2)
  5 worker ants
  2 hound zombies (D:7)
  2 hound skeletons
  A worker ant zombie (D:8)
  7 adders
  4 gnolls (D:2)
  A howler monkey skeleton (D:5)
  2 oozes (D:3)
  A worm (D:5)
  A dart slug (D:1)
  3 leopard geckos
  16 orcs
  6 giant cockroaches
  2 goblins (D:3)
  5 hobgoblins
  15 jackals
  12 kobolds
  A quokka (D:7)
  A ball python (D:3)
  2 bats (D:3)
  3 jackal skeletons
  A leopard gecko zombie (D:5)
  4 rats
199 creatures vanquished.

Vanquished Creatures (others)
  An orc wizard (D:7)
  An orc (D:11)
  A kobold (D:8)
3 creatures vanquished.

Grand Total: 202 creatures vanquished

Notes
Turn   | Place    | Note
-------+----------+-------------------------------------------
     0 | D:1      | Gorglomux the Gargoyle Fighter began the quest for the Orb.
     0 | D:1      | Reached XP level 1. HP: 14/14 MP: 1/1
    91 | D:1      | Reached XP level 2. HP: 17/19 MP: 2/2
   234 | D:2      | Found a runed door.
   395 | D:2      | Noticed Terence
   417 | D:2      | Killed Terence
   417 | D:2      | Reached skill level 3 in Axes
   417 | D:2      | Reached XP level 3. HP: 13/23 MP: 3/3
   421 | D:2      | Reached XP level 4. HP: 10/28 MP: 4/4
   750 | D:3      | Found a shadowy altar of Dithmenos.
   912 | D:3      | Reached XP level 5. HP: 18/32 MP: 5/5
  1445 | D:4      | Found a shattered altar of Ashenzari.
  1516 | D:4      | Noticed a phantom
  1547 | D:4      | Reached XP level 6. HP: 30/38 MP: 6/6
  1692 | D:4      | Killed a phantom
  1692 | D:4      | Reached XP level 7. HP: 29/43 MP: 7/7
  2132 | D:4      | Found a stormy altar of Qazlal.
  2179 | D:4      | Found a deep blue altar of Sif Muna.
  2197 | D:5      | Entered Level 5 of the Dungeon
  2275 | D:5      | Found a snail-covered altar of Cheibriados.
  2444 | D:6      | Found a staircase to the Ecumenical Temple.
  2446 | D:6      | Found Rysoo's Jewellery Boutique.
  2457 | Temple   | Entered the Ecumenical Temple
  2542 | Temple   | Became a worshipper of Warmaster Okawaru
  2646 | D:6      | Found a hide-covered altar of Uskayaw.
  2649 | D:6      | Noticed a dagger
  2649 | D:6      | Noticed a dagger
  2702 | D:6      | Found Upuirigi's Antique Armour Boutique.
  2873 | D:6      | Found Xiemilaa's Distillery.
  2883 | D:6      | Bought a potion of agility for 40 gold pieces
  2883 | D:6      | Bought a potion of might for 40 gold pieces
  2883 | D:6      | Bought a potion of might for 40 gold pieces
  3299 | D:7      | Reached XP level 8. HP: 49/49 MP: 8/8
  3503 | D:8      | Reached skill level 6 in Axes
  3561 | D:8      | Reached * piety under Okawaru
  3571 | D:8      | Noticed a two-headed ogre
  4014 | D:8      | Reached skill level 6 in Fighting
  4014 | D:8      | Reached skill level 6 in Armour
  4014 | D:8      | Reached skill level 6 in Shields
  4059 | D:8      | Found a staircase to the Lair.
  4120 | D:7      | Reached XP level 9. HP: 19/55 MP: 7/9
  4472 | D:7      | Reached ** piety under Okawaru
  5406 | D:9      | Reached skill level 1 in Invocations
  5667 | D:9      | Noticed a two-headed ogre
  5694 | D:9      | Killed a two-headed ogre
  5694 | D:9      | Reached *** piety under Okawaru
  5694 | D:9      | Reached XP level 10. HP: 44/64 MP: 8/12
  5922 | D:9      | Noticed a two-headed ogre
  5930 | D:9      | Reached skill level 3 in Invocations
  5944 | D:9      | Killed a two-headed ogre
  5944 | D:9      | Reached **** piety under Okawaru
  6383 | D:8      | Killed a two-headed ogre
  6554 | D:10     | Entered Level 10 of the Dungeon
  6737 | D:10     | Reached skill level 9 in Armour
  6752 | D:10     | Reached skill level 9 in Fighting
  6752 | D:10     | Reached skill level 9 in Shields
  6844 | D:10     | Noticed Erolcha
  6858 | D:10     | Killed Erolcha
  6858 | D:10     | Reached ***** piety under Okawaru
  6858 | D:10     | Reached XP level 11. HP: 26/71 MP: 10/13
  7057 | D:10     | Noticed an orc knight
  7057 | D:10     | Noticed a cyclops
  7643 | D:10     | Killed an orc knight
  7643 | D:10     | Reached skill level 9 in Axes
  7709 | D:10     | Killed a cyclops
  7826 | D:11     | Found a glowing golden altar of the Shining One.
  8087 | D:11     | Noticed a seven-headed hydra
  8130 | D:11     | HP: 1/72 [eight-headed hydra (6)]
  8130 | D:11     | Mangled by an eight-headed hydra

Vault maps used:
D:1:      lightli_arrival_flooded_house
D:2:      minivault_14, uniq_terence, uniq_crazy_yiuf_cottage, uniq_jessica
D:3:      st_stairs_4, serial_bayou_ford_a, grunt_dithmenos_smoke
D:4:      nicolae_qazlal_general_emergency, ashenzari_altar_1, kennysheep_mini,
          serial_glass, glass_columns_b, glass_columns_b
D:5:      slow_altar_2, first_ration, minmay_misc_feat_ornament, uniq_edmund
D:6:      cheibrodos_quashed, dancing_weapons_uskayaw, temple_fountains,
          serial_shops, shop, nicolae_shop_behind_doors,
          nicolae_shop_waterfront, corexii_item_surrounded_by_moat
D:7:      roderic_roman_lattice
D:8:      minmay_lair_entry_lava
D:10:     minmay_bloctagon_deflated, david_nohive_1, uniq_erolcha
D:11:     serial_shops, shop, serial_column_ruins, column_ruins_hut,
          column_ruins_square_medium, column_ruins_open_tiny,
          column_ruins_open_small, column_ruins_columns_plus,
          column_ruins_grid_3, column_ruins_corridor_corner,
          nicolae_tso_carved_into_rock
Temple:   minmay_crystal_spiral_temple

Skill      XL: |  1  2  3  4  5  6  7  8  9 10 11 |
---------------+----------------------------------+-----
Axes           | 2 3 4 5 6 7 8 9 |  9.2
Fighting       | 4 5 6 7 9 |  9.8
Shields        | 4 5 6 7 9 |  9.8
Armour         | 4 5 6 7 9 |  9.8
Invocations    | 2 3 |  3.0

Action                   |  1- 3 |  4- 6 |  7- 9 | 10-12 || total
-------------------------+-------+-------+-------+-------++-------
Melee: War axe           |    49 |   201 |   471 |   409 ||  1130
       Scimitar          |       |       |       |     3 ||     3
Invok: Heroism           |       |       |    11 |    13 ||    24
  Use: Potion            |     1 |       |     1 |       ||     2
       Scroll            |       |       |    10 |     3 ||    13
  Eat: Chunk             |       |     3 |     7 |     9 ||    19
       Ration            |       |       |     2 |       ||     2
Armor: Scale mail        |    29 |       |       |       ||    29
       Plate armour      |    13 |   176 |   281 |   191 ||   661
Dodge: Dodged            |    22 |    19 |   114 |   101 ||   256
Block: Shield            |    35 |    63 |       |       ||    98
       Large shield      |       |    94 |   531 |   447 ||  1072
       Rpst.: Scimitar   |       |       |       |     2 ||     2

Table legend:
 A = Spawn XP
 B = Non-spawn XP
 C = Spawn XP percentage of total XP
 D = Spawn monster count
 E = Non-spawn monster count
 F = Spawn count percentage of total count
 G = Total turns spent on level
                    A         B        C        D         E        F      G
               +---------+---------+-------+---------+---------+-------+---------
         Total |       0 |   14190 |   0.0 |       0 |     200 |   0.0 |  8130
               +---------+---------+-------+---------+---------+-------+---------
           D:1 |       0 |      17 |   0.0 |       0 |       8 |   0.0 |   212
           D:2 |       0 |     106 |   0.0 |       0 |      13 |   0.0 |   514
           D:3 |       0 |      99 |   0.0 |       0 |      16 |   0.0 |   618
           D:4 |       0 |     521 |   0.0 |       0 |      19 |   0.0 |   853
           D:5 |       0 |     112 |   0.0 |       0 |       8 |   0.0 |   191
           D:6 |       0 |     218 |   0.0 |       0 |       5 |   0.0 |   574
           D:7 |       0 |     729 |   0.0 |       0 |      27 |   0.0 |  1154
           D:8 |       0 |    2723 |   0.0 |       0 |      29 |   0.0 |   901
           D:9 |       0 |    3177 |   0.0 |       0 |      25 |   0.0 |  1366
          D:10 |       0 |    4301 |   0.0 |       0 |      26 |   0.0 |  1182
          D:11 |       0 |    2187 |   0.0 |       0 |      24 |   0.0 |   394
               +---------+---------+-------+---------+---------+-------+---------
